 Dungeon Crawl Stone Soup version 0.16-a0-3171-gce70061 (webtiles) character file.

2753 PolkaDot the Fighter (level 9, -1/77 HPs)
             Began as a Vampire Summoner on Dec 16, 2014.
             Was an Initiate of Sif Muna.
             Slain by an orc priest
             ... wielding a +0 trident
              (3 damage)
             ... on level 7 of the Dungeon.
             The game lasted 00:29:03 (8381 turns).

PolkaDot the Fighter (Vampire Summoner)             Turns: 8381, Time: 00:29:04

Health: -1/77      AC:  7    Str:  7    XL:     9   Next: 41%
Magic:  15/18      EV: 19    Int: 20    God:    Sif Muna [......]
Gold:   402        SH:  0    Dex: 19    Spells: 4 memorised, 2 levels left

rFire  + . .     SeeInvis +     a - +2 dagger (vamp)
rCold  + . .     Clarity  .     j - +2 robe {MR+}
rNeg   . . .     SustAb   .     (no shield)
rPois  +         Gourm    .     x - +1 helmet
rElec  +         Spirit   .     w - +0 cloak
rCorr  +         Warding  .     (no gloves)
rMut   .         Stasis   .     (no boots)
MR     +....                    e - amulet of rage (curse)
Stlth  ++++......               (no ring)
                                (no ring)

@: agile, exhausted, about to teleport, resistant, regenerating quickly, slowed,
very slow, somewhat resistant to hostile enchantments, stealthy
A: bottle blood, fangs 3, see invisible, unbreathing
a: Renounce Religion, Evoke Berserk Rage


You were on level 7 of the Dungeon.
You worshipped Sif Muna.
Sif Muna was noncommittal.
You were very full.

You visited 2 branches of the dungeon, and saw 8 of its levels.

You collected 402 gold pieces.

Inventory:

Hand weapons
 a - a +2 vampiric dagger (weapon)
Armour
 j - a +2 robe of magic resistance (worn)
 w - a +0 cloak (worn)
 x - a +1 helmet (worn)
Jewellery
 e - a cursed amulet of rage (around neck)
 o - an uncursed amulet of stasis
Magical devices
 n - a wand of confusion (0)
 q - a wand of cold (6)
Scrolls
 c - 4 scrolls of identify
 d - a scroll of blinking {unknown}
 f - 5 scrolls of teleportation
 h - 6 scrolls of remove curse
 k - 4 scrolls of immolation
 p - a scroll of noise {unknown}
 r - a scroll of amnesia {unknown}
 u - a scroll of fog {unknown}
 v - a scroll of recharging {unknown}
 y - a scroll of random uselessness {unknown}
 z - a scroll of enchant armour {unknown}
Potions
 i - 10 potions of blood {@*1}
 l - a potion of agility
 t - 3 potions of brilliance
Books
 b - a book of Callings

   Spells                             Type                      Level
   a - Summon Small Mammal            Summoning                    1
   b - Call Imp                       Summoning                    2
   c - Call Canine Familiar           Summoning                    3
   d - Summon Guardian Golem          Hexes/Summoning              4
   e - Summon Lightning Spire         Summoning/Air                4
   f - Summon Ice Beast               Ice/Summoning                4


   Skills:
 + Level 9.6 Fighting
 + Level 3.1 Dodging
 - Level 3.0 Stealth
 - Level 2.0 Spellcasting
 - Level 4.0 Summonings
 * Level 2.9 Ice Magic
 - Level 6.3 Evocations


You had 2 spell levels left.
You knew the following spells:

 Your Spells              Type           Power        Failure   Level  Hunger
d - Call Canine Familiar  Summ           ###.....     10%         3    ###....
i - Summon Ice Beast      Ice/Summ       ###.....     45%         4    #####..
s - Call Imp              Summ           ###.....     4%          2    ##.....
z - Summon Small Mammal   Summ           ###.         2%          1    #......


Dungeon Overview and Level Annotations

Branches:
Dungeon (7/15)             Temple (1/1) D:6

Altars:
Ashenzari
Cheibriados
Dithmenos
Elyvilon
Fedhas
Gozag
Kikubaaqudgha
Nemelex Xobeh
Qazlal
Ru
Sif Muna
Trog
Zin
The Shining One


Innate Abilities, Weirdness & Mutations

Your natural rate of healing is unusually fast.
You can bottle blood from corpses.
You have razor-sharp teeth.
You have supernaturally acute eyesight.
You can survive without breathing.


Message History

Read which item? (? for menu, Esc to quit)
Okay, then.
Drink which item? (? for menu, Esc to quit)
Okay, then.
Casting: Call Canine Familiar
Confirm with . or Enter, or press ? or * to list all spells.
The orc warrior closely misses you.
The orc warrior hits your hound with a hand axe of chopping!
Your hound dies!
Your hound's corpse disappears in a puff of smoke!
The orc priest hits you from afar with a trident.
* * * LOW HITPOINT WARNING * * *
The orc warrior closely misses you.
Drink which item? (? for menu, Esc to quit)
Okay, then.
Read which item? (? for menu, Esc to quit)
As you read the scroll labeled UGEAH AFAA, it crumbles to dust.
You feel strangely unstable.
It was a scroll of teleportation.
The orc priest hits you from afar with a trident.
You die...

...# ##.# #........
...# #.# #####....#
..## #.###........#
..# #÷##.........##
.##
#.#...#######.#####
##
#.)..#..≈≈≈..#.##.#
#
#...#..≈...≈..#.#.#
#..#...≈._.≈...#.##
#.#.#..≈.@oo..#..#
#...#.#..≈≈≈..#.#.#
...#.
#.#######.##.# ...
. #........##..#
... #...###..o.#
..# . #.#.## .##
##...# .. #...## .
#.#.#


You could see an orc warrior and an orc priest.

Vanquished Creatures
  Pikel (D:4)
  The ghost of wvc the Basher, an experienced MiWn (D:6)
  The ghost of Uberwunderbarhen the Sneak, an experienced SpEn (D:4)
  A centaur (D:6)
  A sky beast (D:6)
  3 ogres
  3 giant frogs
  A goliath beetle (D:6)
  A crimson imp (D:4)
  2 orc priests
  A giant frog zombie (D:7)
  A jelly (D:5)
  A giant frog skeleton (D:5)
  An iguana (D:7)
  6 orc wizards
  4 worker ants
  A killer bee zombie (D:6)
  Ijyb (D:4)
  Jessica (D:2)
  2 hound zombies (D:5)
  A mummy (D:6)
  Robin (D:3)
  4 adders
  2 worms (D:2)
  2 giant geckos
  An ooze (D:6)
  18 orcs
  19 goblins
  9 hobgoblins
  10 jackals
  10 kobolds
  3 quokkas
  3 ball pythons
  6 bats
  5 giant cockroaches
  A giant gecko skeleton (D:5)
  5 giant newts
  10 rats
144 creatures vanquished.

Vanquished Creatures (collateral kills)
  Grinder (D:5)
  A wyvern (D:5)
  2 ice beasts
  A hound (D:4)
  3 crimson imps
  An orc priest (D:5)
  2 iguanas
  2 adders
  A gnoll (D:1)
  9 orcs
  4 hobgoblins
  2 giant newts
  5 kobolds
  3 rats
37 creatures vanquished.

Vanquished Creatures (others)
  A slave (D:4)
  2 crimson imps (D:5)
  6 hounds
  An orc priest (D:4)
  2 worker ants (D:4)
  2 white imps (D:5)
  3 orcs (D:4)
  A giant cockroach (D:4)
  2 goblins (D:4)
  A rat (D:1)
21 creatures vanquished.

Grand Total: 202 creatures vanquished

Notes
Turn   | Place    | Note
--------------------------------------------------------------
     0 | D:1      | PolkaDot, the Vampire Summoner, began the quest for the Orb.
     0 | D:1      | Reached XP level 1. HP: 13/13 MP: 3/3
   562 | D:1      | Reached skill level 1 in Fighting
   771 | D:1      | Reached XP level 2. HP: 7/21 MP: 0/4
  1275 | D:1      | Learned a level 2 spell: Call Imp
  1828 | D:2      | Reached XP level 3. HP: 25/28 MP: 6/6
  1833 | D:2      | Learned a level 3 spell: Call Canine Familiar
  2571 | D:2      | Noticed Jessica
  2577 | D:2      | Killed Jessica
  2577 | D:2      | Reached XP level 4. HP: 35/35 MP: 7/7
  2905 | D:3      | Found a white marble altar of Elyvilon.
  2990 | D:3      | Found a sacrificial altar of Ru.
  3088 | D:3      | Reached XP level 5. HP: 42/42 MP: 9/9
  3114 | D:3      | Found a glowing golden altar of the Shining One.
  3357 | D:3      | Noticed Robin
  3384 | D:3      | Killed Robin
  3461 | D:3      | Found a bloodstained altar of Trog.
  3462 | D:3      | Found an ancient bone altar of Kikubaaqudgha.
  3702 | D:4      | Noticed an ogre
  3705 | D:4      | Found a blossoming altar of Fedhas.
  3744 | D:4      | Killed an ogre
  3744 | D:4      | Reached skill level 5 in Fighting
  3744 | D:4      | Reached skill level 1 in Evocations
  3744 | D:4      | Reached XP level 6. HP: 51/51 MP: 10/10
  3864 | D:4      | Found an opulent altar of Gozag.
  3864 | D:4      | Found a stormy altar of Qazlal.
  3956 | D:4      | Noticed a slave
  3956 | D:4      | Noticed a slave
  3956 | D:4      | Noticed a slave
  3962 | D:4      | Noticed Pikel
  4002 | D:4      | Noticed a slave
  4042 | D:4      | Noticed Uberwunderbarhen's ghost (experienced SpEn)
  4054 | D:4      | Killed Pikel
  4054 | D:4      | Reached skill level 6 in Fighting
  4054 | D:4      | Reached XP level 7. HP: 36/59 MP: 1/12
  4056 | D:4      | Killed Uberwunderbarhen's ghost
  4056 | D:4      | Reached skill level 7 in Fighting
  4196 | D:4      | Learned a level 4 spell: Summon Ice Beast
  4257 | D:4      | Noticed Ijyb
  4283 | D:4      | Killed Ijyb
  4467 | D:4      | Killed a freed slave
  4528 | D:4      | Reached XP level 8. HP: 67/67 MP: 13/13
  4717 | D:4      | Found a snail-covered altar of Cheibriados.
  4874 | D:5      | Entered Level 5 of the Dungeon
  5285 | D:5      | Noticed Grinder
  5291 | D:5      | Paralysed by Grinder for 3 turns
  5321 | D:5      | Paralysed by Grinder for 6 turns
  5328 | D:5      | Killed Grinder
  5445 | D:5      | Found a sparkling altar of Nemelex Xobeh.
  5503 | D:5      | Reached skill level 8 in Fighting
  5599 | D:5      | Reached skill level 5 in Evocations
  6598 | D:6      | Noticed wvc's ghost (experienced MiWn)
  6622 | D:6      | Killed wvc's ghost
  6622 | D:6      | Reached skill level 9 in Fighting
  6622 | D:6      | Reached XP level 9. HP: 76/76 MP: 6/17
  7436 | D:6      | Found a staircase to the Ecumenical Temple.
  7446 | Temple   | Entered the Ecumenical Temple
  7531 | Temple   | Became a worshipper of Sif Muna the Loreminder
  7641 | D:6      | Reached skill level 1 in Ice Magic
  8260 | D:7      | Found a sacrificial altar of Ru.
  8379 | D:7      | HP: 1/77 [orc priest/trident (5)]
  8381 | D:7      | Slain by an orc priest

Action                   |  1- 3 |  4- 6 |  7- 9 || total
-------------------------+-------+-------+-------++-------
Melee: Unarmed           |    82 |       |       ||    82
       Short sword       |    79 |       |       ||    79
       Dagger            |     4 |   267 |   649 ||   920
 Cast: Summon Small Mamm |    18 |       |       ||    18
       Call Imp          |    10 |     3 |    26 ||    39
       Call Canine Famil |       |     1 |    17 ||    18
 Abil: Evoke Berserk Rag |       |     3 |     6 ||     9
Evoke: Wand              |       |       |     4 ||     4
  Use: Potion            |     2 |    23 |    39 ||    64
       Scroll            |       |     1 |     2 ||     3
 Stab: Sleeping          |       |     2 |     2 ||     4
       Distracted        |       |     1 |     1 ||     2
       Confused          |       |       |     2 ||     2
  Eat: Corpse            |    16 |     2 |       ||    18
